 Dungeon Crawl Stone Soup version 0.20.1-1-g8b1a95d (webtiles) character file.

28 polve the Chopper (level 3, 27/27 HPs)
             Began as a Demonspawn Gladiator on July 18, 2017.
             Got out of the dungeon alive.
             The game lasted 00:00:47 (1223 turns).

polve the Chopper (Demonspawn Gladiator)            Turns: 1223, Time: 00:00:47

Health: 27/27      AC:  5    Str: 15    XL:     3   Next: 0%
Magic:  3/3        EV: 12    Int:  9    God:
Gold:   37         SH:  0    Dex: 14    Spells: 2/2 levels left

rFire    . . .     SeeInvis .   a - +0 war axe
rCold    . . .     Gourm    .   (no shield)
rNeg     . . .     Faith    .   b - +0 leather armour
rPois    .         Spirit   .   (helmet restricted)
rElec    .         Reflect  .   (no cloak)
rCorr    .         Harm     +   (no gloves)
MR       .....                  (no boots)
Stlth    +.........             n - amulet of harm
Regen    0.1/turn               (no ring)
MPRegen  0.1/turn               (no ring)

@: no status effects
A: antennae 1, yellow scales 1
a: no special abilities


You escaped.
You were not hungry.

You visited 1 branch of the dungeon, and saw 1 of its levels.

You collected 37 gold pieces.

Inventory:

Hand Weapons
 a - a +0 war axe (weapon)
Missiles
 d - 3 throwing nets (quivered)
Armour
 b - a +0 leather armour (worn)
 c - a +0 helmet
Jewellery
 n - an amulet of harm (around neck)
Scrolls
 g - a scroll of immolation {unknown}
 i - 2 scrolls of teleportation {unknown}
 j - a scroll of identify {unknown}
 l - 2 scrolls of remove curse {unknown}
 m - a scroll of recharging {unknown}
Potions
 e - a potion of curing {unknown}
 h - a potion of lignification {unknown}
Comestibles
 f - a bread ration
 k - a chunk of flesh


   Skills:
 - Level 2.0 Fighting
 + Level 3.8 Axes
 - Level 1.7 Throwing
 - Level 2.6 Dodging


You had 2 spell levels left.
You didn't know any spells.

Dungeon Overview and Level Annotations

Branches:
Dungeon (1/15)

Altars:


Innate Abilities, Weirdness & Mutations

You have a pair of small antennae on your head.
You are partially covered in yellow scales. (AC +2)


Message History

n - an amulet of harm (around neck) Drop what? 14/52 slots (_ for help) (? for menu, Esc to quit)
Okay, then.
(D) Dungeon
Where to? (? - help)
What level of the Dungeon? (default 1, ? - help)
You butcher the giant cockroach corpse.
k - 2 chunks of flesh (gained 1) Some of the chunks of flesh in your inventory have rotted away.
You see here 16 stones.
You see here 8 poisoned needles.
There is a staircase leading out of the dungeon here.
Are you sure you want to leave the Dungeon?
This will make you lose the game!
Alright, then stay!
There is a staircase leading out of the dungeon here.
You don't know any spells.
Unknown command.
There is a staircase leading out of the dungeon here.
Are you sure you want to leave the Dungeon?
This will make you lose the game!
You have escaped!

#≈≈≈≈≈≈≈≈≈≈≈......#.#
#≈≈≈≈≈≈≈≈≈≈...###.#.#
#≈≈≈≈≈≈≈≈≈≈..## #.#.#
#≈≈≈≈≈≈≈≈≈...#
#.#.###
#≈≈≈≈≈≈≈≈....#
#.#>..#####
#≈≈≈≈≈≈......#
#.#........
#≈≈≈≈......###
#.###..####
#≈≈........# #.#
##.## #≈........@#
#.# #..#
#≈.######.#######.#
##.# #..# #.........#
#.# #### #########.#
#.# #.# #.## #.# #..#
#.# ##.## #.# #..#
#.# ##.#


There were no monsters in sight!

Vanquished Creatures
  2 dart slugs (D:1)
  A leopard gecko (D:1)
  3 bats (D:1)
  3 giant cockroaches (D:1)
  2 hobgoblins (D:1)
  6 kobolds (D:1)
  3 frilled lizards (D:1)
  A goblin (D:1)
  A rat (D:1)
22 creatures vanquished.

Notes
Turn   | Place    | Note
-------+----------+-------------------------------------------
     0 | D:1      | polve the Demonspawn Gladiator began the quest for the Orb.
     0 | D:1      | Reached XP level 1. HP: 16/16 MP: 1/1
   108 | D:1      | Reached skill level 3 in Axes
   466 | D:1      | Gained mutation: You are partially covered in yellow scales. (AC +2) [demonic ancestry]
   466 | D:1      | Reached XP level 2. HP: 22/22 MP: 2/2
  1153 | D:1      | Gained mutation: You have a pair of small antennae on your head. [demonic ancestry]
  1153 | D:1      | Reached XP level 3. HP: 27/27 MP: 3/3
  1223 | D:$      | Got out of the dungeon alive.

Skill      XL: |  1 |
---------------+----+-----
Axes           | 3 |  3.8
Fighting       | |  2.0
Throwing       | |  1.7
Dodging        | |  2.6

Action                   || total
-------------------------++-------
Melee: War axe           ||    60
  Eat: Chunk             ||     1
Armor: Leather armour    ||    19
Dodge: Dodged            ||    48
